 Dungeon Crawl Stone Soup version 0.23.1 (webtiles) character file.

Game seed: 6316710843038936928

119 Lanoc the Ruffian (level 4, -1/36 HPs)
             Began as a Draconian Transmuter on Mar 2, 2019.
             Was an Initiate of Qazlal.
             Slain by an iguana (11 damage)
             ... on level 3 of the Dungeon.
             The game lasted 00:04:20 (2628 turns).

Lanoc the Ruffian (Draconian Transmuter)            Turns: 2628, Time: 00:04:21

Health: -1/36      AC:  5    Str: 14    XL:     4   Next: 74%
Magic:  4/7        EV: 12    Int: 13    God:    Qazlal [......]
Gold:   89         SH:  0    Dex: 11    Spells: 1/7 levels left

rFire    . . .     SeeInvis .     - Unarmed
rCold    . . .     Gourm    .   (no shield)
rNeg     . . .     Faith    .   (armour unavailable)
rPois    .         Spirit   .   (helmet restricted)
rElec    .         Reflect  .   (no cloak)
rCorr    .         Harm     .   (no gloves)
MR       .....                  (boots currently unavailable)
Stlth    +.........             (no amulet)
HPRegen  0.12/turn              (no ring)
MPRegen  0.10/turn              (no ring)

@: appendage
A: unfitting armour, talons 3, cold-blooded, AC +5
a: End Transformation, Renounce Religion


You were on level 3 of the Dungeon.
You worshipped Qazlal.
Qazlal was noncommittal.
You were not hungry.
You had grown temporary talons.
You visited 1 branch of the dungeon, and saw 3 of its levels.

You collected 89 gold pieces.

Inventory:

Missiles
 a - 62 arrows
Armour
 g - a +0 shield
Scrolls
 e - a scroll of enchant armour {unknown}
 f - 2 scrolls of teleportation {unknown}
 h - a scroll of amnesia {unknown}
 i - a scroll of fear {unknown}
 j - 2 scrolls of identify {unknown}
 k - a scroll of magic mapping {unknown}
 l - a scroll of remove curse {unknown}
 m - 2 scrolls of blinking {unknown}
Potions
 b - a potion of resistance {unknown}
 d - a potion of agility {unknown}
 n - a potion of heal wounds {unknown}
 o - a potion of berserk rage {unknown}
 p - a potion of invisibility {unknown}
Comestibles
 c - 5 rations


   Skills:
 + Level 2.0 Fighting
 + Level 2.2 Dodging
 * Level 3.9 Unarmed Combat
 + Level 2.4 Spellcasting
 * Level 3.1 Transmutations


You had one spell level left.
You knew the following spells:

 Your Spells              Type           Power        Failure   Level  Hunger
a - Beastly Appendage     Tmut           #.....       7%          1    #......
b - Sticks to Snakes      Tmut           #.......     10%         2    ###....
c - Spider Form           Tmut/Pois      #.........   36%         3    ###....

Your spell library contained the following spells:

 Spells                   Type           Power        Failure   Level  Hunger
 Ice Form                 Ice/Tmut       #.......     77%         4    #####..
 Blade Hands              Tmut           #.........   88%         5    ######.


Dungeon Overview and Level Annotations

Branches:
Dungeon (3/15)

Altars:
Qazlal
Vehumet
Zin


Innate Abilities, Weirdness & Mutations

Your plain brown scales are hard. (AC +5)
You cannot fit into any form of body armour.
You are cold-blooded and may be slowed by cold attacks.
You have claws for feet.


Message History

Found 12 stones.
n - a brown potion
Found a stone staircase leading down.
There is a stone staircase leading down here.
An iguana comes into view.
Found 13 gold pieces.
Casting: Beastly Appendage (safe; 7% risk of failure)
Confirm with . or Enter, or press ? or * to list all spells.
Your feet morph into talons.
The iguana hisses angrily.
Found 3 scrolls labeled SACROT LUUDWO.
The iguana bites you!
You hit the iguana.
The iguana is lightly wounded.
The iguana bites you!
* * * LOW HITPOINT WARNING * * *
Casting: Beastly Appendage (safe; 7% risk of failure)
Confirm with . or Enter, or press ? or * to list all spells.
You create a snake!
You now have 62 arrows.
The iguana bites you!
You die...

.?# #.# ##.##
#...# #.$.#
#...# #.# #l#
#@#
...###S#####
..!.........#
........###.#
....##### #.#
... #.#######
.. ####.......#
.
........####.#
........####.##


You could see an iguana and a friendly adder.

Vanquished Creatures
  4 gnolls
  2 adders (D:2)
  3 worms (D:2)
  3 leopard geckos
  2 ball pythons
  3 giant cockroaches
  3 hobgoblins
  A quokka (D:2)
  5 bats
  3 frilled lizards
  3 goblins (D:1)
  5 kobolds
  6 rats
43 creatures vanquished.

Vanquished Creatures (collateral kills)
  2 gnolls (D:2)
  A goblin (D:2)
  A frilled lizard (D:2)
4 creatures vanquished.

Grand Total: 47 creatures vanquished

Notes
Turn   | Place    | Note
-------+----------+-------------------------------------------
     0 | D:1      | Lanoc the Draconian Transmuter began the quest for the Orb.
     0 | D:1      | Reached XP level 1. HP: 16/16 MP: 3/3
    73 | D:1      | Reached XP level 2. HP: 15/23 MP: 5/5
    80 | D:1      | Learned a level 2 spell: Sticks to Snakes
   980 | D:2      | Reached XP level 3. HP: 18/28 MP: 4/6
  1317 | D:2      | Found a radiant altar of Vehumet.
  1475 | D:2      | Found a stormy altar of Qazlal.
  1483 | D:2      | Reached XP level 4. HP: 32/36 MP: 5/7
  1494 | D:2      | Became a worshipper of Qazlal Stormbringer
  1975 | D:2      | Learned a level 3 spell: Spider Form
  2570 | D:3      | Found a glowing silver altar of Zin.
  2628 | D:3      | Slain by an iguana

Skill      XL: |  1  2  3  4 |
---------------+-------------+-----
Dodging        | 2 |  2.2
Transmutations | 3 |  3.1
Fighting       | 2 |  2.0
Unarmed Combat | |  3.9
Spellcasting   | |  2.4

Action                   |  1- 3 |  4- 6 || total
-------------------------+-------+-------++-------
Melee: Unarmed           |   105 |    62 ||   167
       Headbutt          |     5 |     7 ||    12
       Tailslap          |     6 |     6 ||    12
       Kick              |     7 |     5 ||    12
       Punch             |       |     1 ||     1
 Cast: Beastly Appendage |     7 |     9 ||    16
       Sticks to Snakes  |     5 |     1 ||     6
 Stab: Sleeping          |     1 |       ||     1
  Eat: Chunk             |     2 |     4 ||     6
Armor: Skin              |    49 |    15 ||    64
Dodge: Dodged            |    72 |    47 ||   119
